Map: Bel'Shir Vestige LE (Void)

Players

Railgan - Winner!

  • Race: Zerg Zerg
  • League: Grandmaster
  • Spawn Location: 5:00

SoulSpirit

  • Race: Zerg Zerg
  • League: Grandmaster
  • Spawn Location: 11:00

VOD

Have the link to the VOD?

Description

Time

  • Played on: March 18, 2017, 7:40 p.m.
  • Length: 13:41
Show
View Real Time Build Order
Export as new Build Order

Railgan Zerg - Winner!

Build Orders: Hatch First 

Get SALT Encoding   

  12  0:01  Drone  
  13  0:13  Overlord  
  13  0:18  Drone  
  14  0:32  Drone x2  
  16  0:40  Drone  
  17  0:48  Drone  
  18  1:02  Hatchery  
  18  1:03  Drone  
  18  1:05  Extractor  
  18  1:08  Drone  
  18  1:19  Spawning Pool  
  18  1:21  Drone  
  18  1:28  Drone  
  19  1:43  Overlord  
  19  1:50  Drone  
  20  2:05  Queen  
  20  2:06  Zergling x2  
  23  2:11  Drone  
  23  2:12  Metabolic Boost  
  23  2:14  Queen  
  23  2:15  Drone  
  27  2:23  Drone  
  27  2:25  Zergling x2  
  29  2:34  Baneling Nest, Drone  
  29  2:36  Zergling x2  
  30  2:41  Queen  
  30  2:43  Overlord  
  32  2:47  Drone  
  33  2:53  Queen  
  35  2:59  Drone  
  35  3:04  Zergling x2  
  37  3:09  Drone  
  38  3:16  Drone  
  38  3:17  Drone, Zergling x2  
  38  3:18  Lair  
  41  3:20  Baneling  
  41  3:22  Drone  
  41  3:23  Drone  
  41  3:25  Drone  
  44  3:28  Extractor  
  44  3:31  Overlord  
  42  3:35  Baneling  
  42  3:41  Spine Crawler  
  41  3:42  Baneling  
  41  3:43  Zergling x2  
  41  3:48  Zergling x2  
  41  3:49  Zergling x2  
  41  3:51  Baneling  
  43  3:57  Baneling  
  43  4:02  Drone x2  
  45  4:03  Drone  
  45  4:04  Zergling x2  
  45  4:05  Drone  
  45  4:06  Drone  
  47  4:10  Drone  
  47  4:11  Drone x3  
  47  4:14  Drone  
  51  4:19  Drone  
  51  4:22  Extractor  
  51  4:25  Drone  
  52  4:31  Hydralisk Den  
  52  4:32  Drone  
  52  4:34  Evolution Chamber  
  52  4:35  Evolution Chamber, Overlord  
  52  4:37  Drone x2  
  52  4:39  Overlord  
  52  4:40  Extractor  
  52  4:41  Zergling x2  
  52  4:45  Zergling x2  
  51  4:47  Zergling x2  
  45  5:02  Drone x3  
  45  5:03  Drone  
  46  5:08  Muscular Augments  
  46  5:11  Drone  
  46  5:12  Drone  
  46  5:13  Drone x2  
  49  5:18  Drone x3  
  52  5:21  Drone  
  52  5:22  Drone  
  54  5:33  Overseer  
  54  5:35  Hydralisk x2  
  54  5:39  Hydralisk  
  60  5:43  Overlord  
  59  5:51  Baneling x2  
  59  5:54  Hatchery  
  57  5:57  Drone  
  57  5:59  Zerg Melee Weapons Level 1  
  57  6:00  Zergling x8  
  62  6:13  Hydralisk  
  62  6:14  Zerg Missile Weapons Level 1  
  62  6:16  Zergling x10  
  68  6:23  Zergling x6  
  71  6:26  Lurker Den  
  71  6:34  Hydralisk  
  71  6:38  Hydralisk  
  75  6:47  Hydralisk x2  
  75  6:56  Overlord  
  75  7:00  Overlord  
  75  7:03  Overlord  
  75  7:05  Zergling x8  
  75  7:06  Overlord  
  79  7:10  Zergling x2  
  79  7:14  Drone  
  81  7:17  Drone  
  82  7:25  Drone x2  
  82  7:26  Drone x2  
  86  7:31  Hydralisk  
  86  7:32  Hydralisk x4  
  96  7:50  Drone  
  96  7:51  Drone x7  
  97  7:55  Spire  
  96  7:59  Lurker x3  
  96  8:00  Drone x6  
  96  8:04  Extractor x2  
  103  8:08  Zergling x4  
  103  8:10  Overlord  
  103  8:11  Zerg Melee Weapons Level 2  
  105  8:19  Overlord  
  105  8:26  Zergling x4  
  105  8:27  Overlord  
  99  8:45  Zergling x2  
  99  8:48  Zergling x2  
  99  8:49  Zergling x10  
  105  9:01  Zergling x22  
  115  9:09  Overlord  
  115  9:11  Hatchery  
  115  9:13  Mutalisk x4  
  121  9:22  Mutalisk x5  
  121  9:24  Overlord  
  130  9:25  Overlord  
  130  9:26  Zerg Flyer Weapons Level 1  
  130  9:28  Overlord  
  121  9:46  Mutalisk x4  
  121  9:49  Zergling x2  
  118  9:58  Mutalisk  
  118  9:59  Zergling x2  
  116  10:04  Mutalisk x2  
  116  10:06  Zergling x2  
  119  10:09  Mutalisk  
  121  10:22  Zergling x12  
  121  10:23  Overlord  
  124  10:36  Mutalisk  
  124  10:37  Mutalisk x3  
  123  10:54  Mutalisk x3  
  122  11:01  Mutalisk  
  119  11:10  Mutalisk x2  
  112  11:13  Zergling x18  
  112  11:16  Zergling x6  
  122  11:27  Mutalisk x3, Hatchery  
  122  11:29  Hatchery  
  112  11:40  Mutalisk x2  
  112  11:43  Zergling x12  
  112  11:46  Zergling x6  
  123  11:49  Drone  
  123  11:50  Drone  
  123  11:52  Zergling x2  
  120  12:06  Mutalisk x2  
  120  12:07  Mutalisk x2  
  111  12:08  Zergling x2  
  111  12:09  Zergling x8  
  111  12:10  Zergling x2  
  111  12:13  Hatchery  
  116  12:16  Centrifical Hooks  
  116  12:18  Baneling  
  116  12:19  Baneling x2  
  116  12:24  Zergling x2  
  116  12:25  Zergling x18  
  126  12:43  Mutalisk x2  
  129  12:45  Zergling x16  
  131  12:56  Drone x2  
  131  13:01  Zergling x18  
  131  13:02  Baneling  
  131  13:03  Baneling x11  
  140  13:09  Drone  
  140  13:11  Zergling x4  
  140  13:12  Zergling x4  
  145  13:13  Zergling x2  
  145  13:14  Zergling x2  
  147  13:21  Zergling x2  
  147  13:22  Zergling x10  
Show
View Real Time Build Order
Export as new Build Order

SoulSpirit Zerg 

Build Orders: Hatch First 

Get SALT Encoding   

  12  0:01  Drone  
  13  0:12  Overlord  
  13  0:16  Drone  
  14  0:30  Drone x2  
  14  0:34  Drone  
  17  0:51  Hatchery  
  17  0:54  Drone  
  17  0:58  Drone  
  18  1:09  Extractor  
  17  1:16  Drone, Spawning Pool  
  17  1:18  Drone  
  18  1:27  Drone  
  19  1:42  Overlord  
  19  2:03  Zergling x6  
  19  2:04  Queen  
  19  2:06  Queen  
  26  2:10  Metabolic Boost  
  26  2:12  Drone  
  27  2:16  Drone  
  28  2:31  Drone x2  
  28  2:34  Drone  
  28  2:37  Drone  
  32  2:45  Overlord  
  32  2:46  Hatchery  
  31  2:53  Drone  
  32  3:05  Zergling x6  
  35  3:16  Zergling x6  
  35  3:17  Zergling x8  
  41  3:20  Drone  
  41  3:25  Drone  
  43  3:33  Overlord  
  43  3:40  Roach Warren  
  42  3:45  Drone  
  42  3:46  Drone  
  39  3:58  Drone x2  
  39  3:59  Drone  
  38  4:04  Zergling x10  
  38  4:05  Zergling x2  
  38  4:09  Drone  
  45  4:10  Queen  
  45  4:22  Roach  
  45  4:23  Roach x5  
  56  4:28  Extractor  
  56  4:29  Extractor  
  56  4:30  Drone x3  
  57  4:37  Drone  
  58  4:43  Queen  
  58  4:44  Spore Crawler  
  58  4:46  Spore Crawler  
  53  4:57  Roach x3  
  54  5:07  Lair  
  54  5:08  Drone x4  
  54  5:09  Evolution Chamber  
  54  5:10  Overlord  
  57  5:14  Overlord  
  57  5:18  Overlord  
  57  5:32  Drone x2  
  57  5:33  Drone x6  
  65  5:38  Zerg Missile Weapons Level 1  
  65  5:41  Drone  
  62  5:50  Drone  
  62  5:51  Drone x3  
  62  5:52  Drone x2  
  67  6:03  Drone  
  68  6:04  Glial Reconstitution  
  68  6:06  Overseer, Unknown  
  68  6:07  Roach x2  
  68  6:08  Roach  
  74  6:13  Drone  
  74  6:14  Drone  
  74  6:15  Drone  
  74  6:17  Queen  
  73  6:25  Roach x3  
  79  6:30  Queen  
  81  6:33  Overlord  
  81  6:39  Overlord  
  79  6:47  Overlord  
  79  6:49  Ravager x3  
  79  6:51  Overlord x2  
  79  6:54  Spore Crawler  
  81  6:55  Ravager  
  81  6:59  Drone x2  
  87  7:01  Roach  
  87  7:02  Roach  
  87  7:04  Overlord x2  
  87  7:07  Roach  
  93  7:08  Roach  
  93  7:10  Ravager  
  94  7:16  Roach x3  
  100  7:30  Drone x5  
  100  7:32  Overlord  
  100  7:33  Roach x3  
  111  7:39  Ravager  
  111  7:40  Ravager  
  113  7:50  Overseer  
  111  7:51  Overseer  
  111  7:53  Drone x2  
  111  7:54  Drone x5  
  111  7:56  Extractor  
  111  7:57  Extractor, Queen  
  118  8:06  Extractor, Drone x3  
  118  8:08  Roach x2  
  118  8:09  Roach x3  
  130  8:23  Overlord  
  130  8:29  Overlord x2  
  130  8:31  Overlord x2  
  128  8:40  Overlord x2  
  124  8:42  Overlord x2  
  124  8:48  Zerg Missile Weapons Level 2  
  119  8:50  Ravager x3  
  119  8:51  Ravager  
  119  8:52  Ravager  
  126  8:55  Roach  
  126  8:56  Roach x2  
  126  9:01  Roach x3  
  136  9:08  Roach  
  136  9:09  Roach x4  
  146  9:11  Queen  
  146  9:21  Roach  
  146  9:22  Roach x4  
  156  9:37  Roach  
  156  9:38  Hatchery, Roach x2  
  136  9:53  Hydralisk Den  
  120  10:04  Queen  
  120  10:05  Queen  
  112  10:07  Spore Crawler  
  105  10:17  Overseer  
  105  10:18  Overseer  
  105  10:28  Hydralisk x11, Muscular Augments  
  127  10:37  Ravager x3  
  127  10:38  Ravager x2  
  120  11:00  Hydralisk x7  
  122  11:11  Hydralisk x4  
  110  11:17  Hydralisk x2  
  118  11:29  Hydralisk  
  118  11:30  Hydralisk x2  
  114  11:41  Hydralisk  
  114  11:42  Hydralisk x3  
  122  11:47  Overlord, Spore Crawler  
  121  11:54  Overlord  
  113  12:07  Hydralisk x7  
  114  12:09  Queen  
  114  12:12  Queen  
  118  12:15  Hydralisk  
  120  12:23  Hydralisk x2  
  120  12:25  Hydralisk x3  
  120  12:27  Hydralisk  
  132  12:32  Ravager  
  132  12:34  Ravager  
  118  12:52  Hydralisk  
  118  12:53  Hydralisk x5  
  128  13:14  Hydralisk  
  128  13:16  Overlord x4  
Tags
 
Add a new tag
Caveats
  • Supply blocks, unpowered buildings, or Contaminate may cause inaccurate times.
  • Supply counts are checked every 10 seconds.